 Dungeon Crawl Stone Soup version 0.27-a0-887-gcab673c142 (webtiles) character file.

Game seed: 8784696296252437089

753 mhtbhm the Chopper (level 7, -21/61 HPs)
             Began as a Minotaur Fighter on Apr 3, 2021.
             Was an Initiate of Trog.
             Demolished by a very large slime creature (56 damage)
             ... on level 5 of the Dungeon.
             The game lasted 00:05:09 (4372 turns).

mhtbhm the Chopper (Minotaur Fighter)               Turns: 4372, Time: 00:05:10

Health: -21/61     AC: 10    Str: 28    XL:     7   Next: 49%
Magic:  6/6        EV:  9    Int:  5    God:    Trog [......]
Gold:   233        SH: 17    Dex: 16    Spells: 6/6 levels left

rFire    . . .     SeeInvis .   a - +0 war axe
rCold    . . .     Faith    .   c - +1 kite shield
rNeg     . . .     Spirit   .   b - +0 scale mail
rPois    .         Reflect  +   (helmet restricted)
rElec    .         Harm     .   s - +2 cloak
rCorr    .         Rampage  .   (no gloves)
Will     .....                  (no boots)
Stlth    ..........             w - amulet of reflection
HPRegen  0.20/turn              l - +6 ring of strength
MPRegen  0.10/turn              A - +6 ring of dexterity

@: no status effects
A: horns 2, retaliatory headbutt
a: Renounce Religion


You were on level 5 of the Dungeon.
You worshipped Trog.
Trog was noncommittal.
You visited 2 branches of the dungeon, and saw 6 of its levels.

You collected 233 gold pieces.

Inventory:

Hand Weapons
 a - a +0 war axe (weapon)
Missiles
 y - 6 silver javelins (quivered)
 z - a curare-tipped dart
Armour
 b - a +0 scale mail (worn)
 c - a +1 kite shield (worn)
 s - a +2 cloak (worn)
Jewellery
 k - a ring of flight
 l - a +6 ring of strength (left hand)
 w - an amulet of reflection (around neck)
 A - a +6 ring of dexterity (right hand)
Wands
 u - a wand of flame (11)
 x - a wand of mindburst (15)
Scrolls
 f - 3 scrolls of teleportation
 g - a scroll of enchant armour
 i - a scroll of fear
 j - a scroll of fog
 m - 3 scrolls of enchant weapon {unknown}
 o - a scroll of acquirement {unknown}
 r - a scroll of vulnerability {unknown}
 t - a scroll of identify
Potions
 d - 2 potions of might
 e - a potion of brilliance
 h - 3 potions of curing {unknown}
 n - a potion of flight {unknown}
 p - a potion of haste
 q - a potion of degeneration {unknown}
 v - a potion of invisibility {unknown}


   Skills:
 + Level 5.1 Fighting
 + Level 6.4 Axes
 + Level 5.9 Armour
 + Level 1.7 Dodging
 + Level 0.3 Stealth
 + Level 5.9 Shields


You had 6 spell levels left.
You didn't know any spells.
Your spell library contained the following spells:

 Spells                   Type           Power      Damage    Failure   Level
 Confusing Touch          Hex            0%         N/A       100%        3
 Gell's Gravitas          Tloc           0%         N/A       100%        3
 Petrify                  Tmut/Erth      0%         N/A       100%        4
 Metabolic Englaciation   Hex/Ice        0%         N/A       100%        5
 Yara's Violent Unravell  Hex/Tmut       0%         3d3       100%        5


Dungeon Overview and Level Annotations

Branches:
Dungeon (5/15)             Temple (1/1) D:4

Altars:
Gozag
Kikubaaqudgha
Makhleb
Trog
Wu Jian
Xom

Shops:
D:3 :


Innate Abilities, Weirdness & Mutations

You have a pair of horns on your head.
You reflexively headbutt those who attack you in melee.


Message History

The slime creature is heavily wounded.
You block the slime creature's attack. The slime creature hits you!
You slash the slime creature! You headbutt the slime creature!
The slime creature is severely wounded.
The slime creature hits you but does no damage.
A slime creature suddenly becomes a large slime creature.
You slash the large slime creature! You headbutt the large slime creature!
The large slime creature is heavily wounded.
You hit the large slime creature but do no damage.
The large slime creature is heavily wounded.
The large slime creature hits you!
You block the large slime creature's attack.
You hit the large slime creature.
The large slime creature is severely wounded.
You block the large slime creature's attack.
Your shield prevents you from hitting the large slime creature.
You headbutt the large slime creature!
The large slime creature is severely wounded.
The large slime creature barely misses you.
You block the large slime creature's attack.
You hit the large slime creature. You headbutt the large slime creature!
The large slime creature is severely wounded.
Two slime creatures merge to form a very large slime creature.
You hit the very large slime creature but do no damage.
You headbutt the very large slime creature.
The very large slime creature is heavily wounded.
You block the very large slime creature's attack.
You barely miss the very large slime creature.
You headbutt the very large slime creature!
The very large slime creature is heavily wounded.
You block the very large slime creature's attack. x2
You hit the very large slime creature.
The very large slime creature is severely wounded.
You block the very large slime creature's attack.
You hit the very large slime creature.
You headbutt the very large slime creature!
The very large slime creature is severely wounded.
The very large slime creature hits you!!!
Ouch! That really hurt!
You die...

........###..#.##.# #..#####
........# #..#.##.# #...##..
........# #..#.##.# #...##..
........# #..#....# #.#.##..
....#<..# #..###### #.#..#..
....#.### #### ########.##.#..
....+.# ##########J÷....##.##.>..
....#####......##JJJ..PP##.####..
....#.##..=....#@#.J....##.# #..
......))....)..#.#PPPPJP##.# #..
####..').......#.#÷÷JJ..##.# ###
# ##.)).....#'#.#JP.PP.##.######
# #.##.....#.#.#..÷...##....... #
#####....#.#)#PJPP÷.######### #
#######.##.J...(##....... ###
#.###### #########.######


You could see a very large slime creature, 2 jellies and an endoplasm.

Vanquished Creatures
  A necrophage (D:2)
  2 kobold brigands (D:5)
  2 hounds
  A jelly (D:4)
  2 bullfrog skeletons
  Crazy Yiuf (D:3)
  A gnoll shaman (D:5)
  An orc priest (D:5)
  A centaur skeleton (D:4)
  2 iguanas (D:5)
  5 adders
  3 gnolls (D:3)
  A shadow imp (D:5)
  2 ufetubi
  A worm (D:3)
  3 dart slugs
  10 orcs
  7 bats
  8 endoplasms
  2 giant cockroaches
  9 goblins
  8 hobgoblins
  5 jackals (D:2)
  3 quokkas
  7 ball pythons
  A frilled lizard (D:1)
  17 kobolds
  3 rats
109 creatures vanquished.

Vanquished Creatures (others)
  6 fungi (D:5)
  3 toadstools (D:5)
9 creatures vanquished.

Grand Total: 118 creatures vanquished

Notes
Turn   | Place    | Note
-------+----------+-------------------------------------------
     0 | D:1      | mhtbhm the Minotaur Fighter began the quest for the Orb.
     0 | D:1      | Reached XP level 1. HP: 19/19 MP: 0/0
   259 | D:1      | Reached XP level 2. HP: 27/27 MP: 1/1
   900 | D:2      | Reached XP level 3. HP: 33/33 MP: 2/2
  1015 | D:2      | Noticed a necrophage
  1023 | D:2      | Killed a necrophage
  1024 | D:2      | Reached skill level 4 in Axes
  1024 | D:2      | Reached XP level 4. HP: 29/41 MP: 3/3
  1147 | D:2      | Found a faded altar of an unknown god.
  1158 | D:2      | Reached XP level 5. HP: 47/47 MP: 4/4
  1503 | D:3      | Reached skill level 1 in Dodging
  1611 | D:3      | Found a runed translucent door.
  1612 | D:3      | Noticed Crazy Yiuf
  1636 | D:3      | Reached skill level 5 in Armour
  2118 | D:3      | Found Roffocum's Book Emporium.
  2196 | D:3      | Killed Crazy Yiuf
  2197 | D:3      | Reached skill level 5 in Shields
  2197 | D:3      | Reached XP level 6. HP: 38/53 MP: 5/5
  2691 | D:4      | Found a bloodstained altar of Trog.
  2708 | D:4      | Became a worshipper of Trog the Wrathful
  2802 | D:4      | Reached skill level 5 in Axes
  2895 | D:4      | Found a staircase to the Ecumenical Temple.
  2907 | Temple   | Entered the Ecumenical Temple
  3268 | D:5      | Entered Level 5 of the Dungeon
  3691 | D:5      | Reached XP level 7. HP: 57/60 MP: 6/6
  3715 | D:5      | Found an ancient bone altar of Kikubaaqudgha.
  3976 | D:5      | Found an opulent altar of Gozag.
  4234 | D:5      | Reached skill level 5 in Fighting
  4234 | D:5      | Reached skill level 6 in Axes
  4350 | D:5      | Noticed a slime creature
  4351 | D:5      | Noticed a slime creature
  4351 | D:5      | Noticed a slime creature
  4372 | D:5      | Demolished by a very large slime creature

Illustrated notes

Levels and vault maps discovered:
D:1:      ebering_hopf_link, layout_basic, minmay_pentomino_u2
D:2:      layout_basic, ebering_ecumenical_altar_abandoned
D:3:      layout_loops_ring, serial_shops, shop, uniq_crazy_yiuf_cottage
D:4:      layout_cave_pods, lemuel_crystal_altar, temple_fountains, st_stairs_10
D:5:      cheibrodos_fertilizer, layout_basic,
          nicolae_gozag_cash_rules_everything_around_me, marbit_many_paths
Temple:   compressed_dpeg_triangle_lava_temple

Skill      XL: |  1  2  3  4  5  6  7 |
---------------+----------------------+-----
Shields        | 4 5 |  5.9
Armour         | 4 5 |  5.9
Fighting       | 4 5 |  5.1
Axes           | 4 5 6 |  6.4
Dodging        | 1 |  1.7
Stealth        | |  0.3

Action                   |  1- 3 |  4- 6 |  7- 9 || total
-------------------------+-------+-------+-------++-------
Melee: War axe           |    75 |   136 |    56 ||   267
       Headbutt          |    10 |    26 |    16 ||    52
  Use: Scroll            |       |     6 |       ||     6
Armor: Scale mail        |    29 |    52 |    18 ||    99
Dodge: Dodged            |    23 |    52 |     8 ||    83
Block: Kite shield       |    37 |   108 |    42 ||   187

Table legend: (Time is in decaauts)
 A = Elapsed time spent in this place.
 B = Non-inter-level travel time spent in this place.
 C = Inter-level travel time spent in this place.
 D = Time resting spent in this place.
 E = Time spent auto-exploring this place.
 F = Levels seen in this place.
 G = Mean time per level.
                   A        B        C        D        E       F      G
               +--------+--------+--------+--------+--------+-----+--------+
         Total |   4498 |   4330 |    168 |      0 |   3526 |   6 |  749.7 |
       Dungeon |   4492 |   4324 |    168 |      0 |   3524 |   5 |  898.4 |
        Temple |      5 |      5 |      0 |      0 |      2 |   1 |    5.0 |
               +--------+--------+--------+--------+--------+-----+--------+

Top non-repeatable levels by time:
     D:5: 1133 daAuts
     D:3: 958 daAuts
     D:4: 949 daAuts
     D:1: 867 daAuts
     D:2: 584 daAuts
  Temple: 5 daAuts
